 Dungeon Crawl Stone Soup version 0.30-a0-939-gc8157cb160 (webtiles) character file.

Game seed: 13074295295579468331

5308 bobarctor the Thaumaturge (level 10, -4/63 HPs)
             Began as a Demonspawn Necromancer on Mar 25, 2023.
             Was a Believer of Kikubaaqudgha.
             Slain by an anaconda simulacrum (16 damage)
             ... in an ice cave on Mar 26, 2023.
             The game lasted 01:23:53 (11940 turns).

bobarctor the Thaumaturge (Demonspawn Necromancer) Turns: 11940, Time: 01:23:54

Health: -4/63      AC:  7    Str:  8    XL:     10   Next: 37%
Magic:  22/22      EV: 10    Int: 21    God:    Kikubaaqudgha [**....]
Gold:   432        SH:  0    Dex: 14    Spells: 5/25 levels left

rFire   . . .      SeeInvis +    i - +0 demon blade (flame)
rCold   + . .      Faith    .    (no shield)
rNeg    . . .      Spirit   .    u - +2 robe {rC+}
rPois   +          Reflect  .    o - +1 hat
rElec   .          Rampage  .    (no cloak)
rCorr   .                        (no gloves)
Will    .....                    (no boots)
Stlth   ++                       (no amulet)
HPRegen 0.30/turn                c - ring of see invisible
MPRegen 0.18/turn                (no ring)

@: constricted
A: horns 1, icy blue scales 1, foul stench 2, powered by death 1, poison
resistance
a: Renounce Religion, Unearth Wretches


You were in an ice cave.
You worshipped Kikubaaqudgha.
Kikubaaqudgha was pleased with you.
You visited 3 branches of the dungeon, and saw 10 of its levels.
You also visited: Ossuary and Ice Cave.

You collected 432 gold pieces.

Inventory:

Hand Weapons
 i - a +0 demon blade of flaming (weapon)
 r - a +0 shortbow
 A - a +1 vampiric whip
Missiles
 l - 26 poisoned darts
 v - 7 boomerangs
 D - 3 javelins (quivered)
Armour
 k - a +1 scale mail of cold resistance
 o - a +1 hat (worn)
 u - a +2 robe of cold resistance (worn)
 z - a +2 plate armour of poison resistance
Jewellery
 c - a ring of see invisible (left hand)
 t - an amulet of guardian spirit
 w - a ring of fire
Wands
 b - a wand of polymorph (8)
 j - a wand of flame (19)
 x - a wand of quicksilver (1)
 E - a wand of charming (7)
Scrolls
 a - a scroll of vulnerability {unknown}
 d - a scroll of fear
 e - a scroll of poison
 h - 2 scrolls of identify
 m - 2 scrolls of enchant armour
 q - 4 scrolls of fog
Potions
 f - 2 potions of cancellation
 g - 2 potions of curing
 n - a potion of ambrosia
 p - a potion of resistance
 s - a potion of might
 B - 2 potions of haste
 C - a potion of invisibility


   Skills:
 + Level 3.0 Long Blades
 + Level 2.4 Maces & Flails
 + Level 3.4 Dodging
 + Level 3.0 Stealth
 * Level 8.3 Spellcasting
 * Level 5.1 Conjurations
 + Level 7.9 Necromancy
 * Level 4.8 Air Magic
 * Level 5.1 Poison Magic


You had 5 spell levels left.
You knew the following spells:

 Your Spells              Type           Power      Damage    Failure   Level
a - Necrotise             Necr           100%       1d9       1%          1
b - Vampiric Draining     Necr           42%        2d9       1%          3
c - Mephitic Cloud        Conj/Pois/Air  30%        N/A       3%          3
d - Animate Dead          Necr           42%        N/A       3%          4
e - Swiftness             Air            29%        N/A       3%          3
f - Airstrike             Air            14%        2d(3-19)  11%         4
g - Cigotuvi's Dreadful   Necr/Pois/Air  66%        N/A       1%          2

Your spell library contained the following spells:

 Spells                   Type           Power      Damage    Failure   Level
 Kiss of Death            Conj/Necr      100%       2d13      1%          1
 Magic Dart               Conj           100%       1d8       1%          1
 Shock                    Conj/Air       100%       1d9       1%          1
 Searing Ray              Conj           60%        2d6       1%          2
 Agony                    Necr           42%        N/A       9%          5
 Call Imp                 Summ           8%         N/A       12%         2
 Inner Flame              Hex/Fire       8%         N/A       22%         3
 Fulminant Prism          Conj/Hex       9%         3d6       26%         4
 Cause Fear               Hex            4%         N/A       58%         4
 Irradiate                Conj/Tmut      9%         3d14      58%         5
 Blade Hands              Tmut           4%         N/A       91%         5
 Dragon Form              Tmut           4%         N/A       100%        7
 Discord                  Hex            4%         N/A       100%        8


Dungeon Overview and Level Annotations

Branches:
Dungeon (8/15)             Temple (1/1) D:5            Lair (1/5) D:8
Ossuary (visited)           IceCv (1/1)

Altars:
Cheibriados
Dithmenos
Fedhas
Gozag
Hepliaklqana
Kikubaaqudgha
Makhleb
Nemelex Xobeh
Okawaru
Qazlal
Ru
Sif Muna
Trog
Uskayaw
Vehumet
Wu Jian
Xom
Yredelemnul

Shops:
D:3 :

Annotations:
D:4 Grinder
D:6 2 transporters


Innate Abilities, Weirdness & Mutations

You have a pair of small horns on your head.
You are partially covered in icy blue scales. (AC +2)
You sometimes emit foul miasma when damaged in melee.
You regenerate a little health from kills.
Your system is resistant to poisons. (rPois)


Message History

You start resting.
HP restored.
An anaconda simulacrum comes into view.
A troll simulacrum and a white imp come into view.
Your ice beast zombie hits the anaconda simulacrum.
You hit the anaconda simulacrum but do no damage.
The anaconda simulacrum is lightly damaged.
The anaconda simulacrum grabs you.
The anaconda simulacrum barely misses you.
The anaconda simulacrum constricts you.
Your ice beast zombie hits the anaconda simulacrum.
The anaconda simulacrum bites you! The anaconda simulacrum freezes you!
You resist. The anaconda simulacrum constricts you.
You hit the anaconda simulacrum but do no damage.
The anaconda simulacrum is lightly damaged.
The anaconda simulacrum bites you but does no damage.
The anaconda simulacrum constricts you.
Your ice beast zombie barely misses the anaconda simulacrum.
The anaconda simulacrum barely misses you.
The anaconda simulacrum constricts you.
You slash the anaconda simulacrum!
You melt the anaconda simulacrum!
The anaconda simulacrum is severely damaged.
The anaconda simulacrum bites you! The anaconda simulacrum freezes you!
You resist. The anaconda simulacrum constricts you.
* * * LOW HITPOINT WARNING * * *
Your ice beast zombie hits the anaconda simulacrum.
The anaconda simulacrum barely misses your ice beast zombie.
The anaconda simulacrum constricts you.
* * * LOW HITPOINT WARNING * * *
You can't see any enemies this would affect, really read the scroll of fear?
Okay, then.
Unknown command.
You barely miss the anaconda simulacrum.
Your headbutt misses the anaconda simulacrum.
The anaconda simulacrum is severely damaged.
The anaconda simulacrum bites you.
* * * LOW HITPOINT WARNING * * *
The anaconda simulacrum freezes you! You resist.
You die...
Kikubaaqudgha rasps: "You have failed me!
Welcome... death!"

#≈≈##..#.###
###...##.
#≈≈##...###
##..#####
#≈≈##....## #..##
# ≈≈##....# ####
#≈###..# ###...###
. #...### Z.5
##...### #....
###..@##..Z# ##
###ZZ..# ####.
###### ##....
######..###
####.....###
####....#########
##....########....
#...#######.....#.
##....##....######


You could see an anaconda simulacrum (ally target) and a friendly ice beast
zombie.

Vanquished Creatures
  A cyclops (D:7)
  A troll (D:8)
  Sigmund (D:6)
  2 yaks (D:8)
  Edmund (D:5)
  2 wargs (D:8)
  2 water moccasins
  Duvessa (D:6)
  A sky beast (D:8)
  3 orc warriors
  A black bear (D:8)
  5 ice beasts
  2 ogres
  3 centaurs
  3 kobold brigands
  2 phantoms
  A necrophage (D:5)
  6 bullfrogs
  2 scorpions
  2 cane toad simulacra (IceCv)
  2 two-headed ogre simulacra (IceCv)
  Dowan (D:6)
  2 killer bees (D:7)
  3 hounds
  4 orc priests
  4 jellies
  Ijyb (D:4)
  6 iguanas
  13 orc wizards
  2 troll simulacra (IceCv)
  A spriggan simulacrum (IceCv)
  A wolf simulacrum (IceCv)
  A hound skeleton (D:5)
  A naga simulacrum (IceCv)
  3 shadow imps
  4 white imps
  4 ufetubi (IceCv)
  2 worms
  2 dart slugs
  21 orcs
  6 endoplasms
  6 giant cockroaches
  5 hobgoblins
  4 jackals (D:4)
  2 quokkas
  8 ball pythons
  5 bats
  3 frilled lizards (D:1)
  5 goblins
  2 hobgoblin zombies (Ossuary)
  12 kobolds
  8 rats
186 creatures vanquished.

Vanquished Creatures (collateral kills)
  A rime drake (IceCv)
  A yak (D:8)
  A killer bee (D:7)
  A troll simulacrum (IceCv)
  A goblin (D:6)
  A bat (D:1)
6 creatures vanquished.

Vanquished Creatures (others)
  A rime drake (IceCv)
  3 ice beasts (IceCv)
  An ogre zombie (D:4)
  3 ice beast zombies (IceCv)
  A goblin (D:4)
  2 plants (D:8)
11 creatures vanquished.

Grand Total: 203 creatures vanquished

Notes
Turn   | Place    | Note
-------+----------+-------------------------------------------
     0 | D:1      | bobarctor the Demonspawn Necromancer began the quest for
                  | the Orb.
     0 | D:1      | Reached XP level 1. HP: 13/13 MP: 3/3
    66 | D:1      | You fall into a shaft and drop 1 floor!
   410 | D:2      | Gained mutation: You are partially covered in icy blue
                  | scales. (AC +2) [demonic ancestry]
   410 | D:2      | Reached XP level 2. HP: 19/19 MP: 3/5
  1134 | D:1      | Gained mutation: You may rarely emit foul miasma when
                  | damaged in melee. [demonic ancestry]
  1134 | D:1      | Reached XP level 3. HP: 24/24 MP: 5/7
  1458 | D:1      | Found a faded altar of an unknown god.
  1729 | D:2      | Learned a level 3 spell: Vampiric Draining
  1733 | D:2      | Learned a level 3 spell: Mephitic Cloud
  2123 | D:2      | Identified the +0 leather armour of Qobboos {rElec}
  2454 | D:3      | Found Quaronid's Vocational Training.
  2562 | D:3      | Reached skill level 3 in Spellcasting
  3107 | D:3      | Found a sacrificial altar of Ru.
  3279 | D:4      | Noticed Grinder
  3429 | D:4      | Reached skill level 5 in Necromancy
  3429 | D:4      | Reached XP level 4. HP: 28/30 MP: 0/8
  3538 | D:4      | Noticed Ijyb
  3586 | D:4      | Killed Ijyb
  3721 | D:4      | Identified the +2 helmet of Marbles {rPois rC- Dex+2 SInv}
  3835 | D:4      | Noticed a scorpion
  3840 | D:4      | Killed a scorpion
  3841 | D:4      | Reached skill level 1 in Poison Magic
  3841 | D:4      | Gained mutation: You regenerate a little health from kills.
                  | [demonic ancestry]
  3841 | D:4      | Reached XP level 5. HP: 35/35 MP: 4/10
  3957 | D:4      | Learned a level 4 spell: Animate Dead
  4005 | D:4      | Noticed an ogre
  4020 | D:4      | Killed an ogre
  4021 | D:4      | Reached skill level 4 in Spellcasting
  4021 | D:4      | Reached skill level 1 in Conjurations
  4112 | D:4      | Paralysed by Grinder for 3 turns
  4367 | D:5      | Entered Level 5 of the Dungeon
  4372 | D:5      | Reached XP level 6. HP: 41/41 MP: 7/12
  4427 | D:5      | Reached skill level 1 in Air Magic
  4489 | D:5      | Noticed Edmund
  4618 | D:5      | Found a staircase to the Ecumenical Temple.
  4624 | Temple   | Entered the Ecumenical Temple
  4670 | Temple   | Became a worshipper of Kikubaaqudgha
  4688 | Temple   | Upgraded the game from 0.30-a0-937-ga0a21ad780 to
                  | 0.30-a0-939-gc8157cb160
  4811 | D:5      | Noticed a water moccasin
  4824 | D:5      | Killed a water moccasin
  4928 | D:5      | Found a burning altar of Makhleb.
  5125 | D:3      | Gained mutation: You have a pair of small horns on your
                  | head. [potion of mutation]
  5125 | D:3      | Gained mutation: You are vulnerable to cold. (rC-) [potion
                  | of mutation]
  5125 | D:3      | Gained mutation: Armour fits poorly on your strangely
                  | shaped body. [potion of mutation]
  5126 | D:3      | Lost mutation: You are vulnerable to cold. (rC-) [potion of
                  | mutation]
  5126 | D:3      | Lost mutation: Armour fits poorly on your strangely shaped
                  | body. [potion of mutation]
  5126 | D:3      | Gained mutation: You are clumsy. (Dex -2) [potion of
                  | mutation]
  5155 | D:3      | Reached XP level 7. HP: 45/46 MP: 14/14
  5259 | D:4      | Found a snail-covered altar of Cheibriados.
  5568 | D:4      | Lost mutation: You have a pair of small horns on your head.
                  | [potion of mutation]
  5568 | D:4      | Lost mutation: You are clumsy. (Dex -2) [potion of
                  | mutation]
  5568 | D:4      | Gained mutation: Your system is resistant to poisons.
                  | (rPois) [potion of mutation]
  6144 | D:5      | Reached skill level 1 in Maces & Flails
  6220 | D:5      | Killed Edmund
  6221 | D:5      | Reached skill level 5 in Spellcasting
  7031 | D:6      | Noticed Dowan
  7034 | D:6      | Noticed Duvessa
  7047 | D:6      | Killed Dowan
  7048 | D:6      | Gained mutation: You sometimes emit foul miasma when
                  | damaged in melee. [demonic ancestry]
  7048 | D:6      | Reached XP level 8. HP: 52/52 MP: 8/16
  7067 | D:6      | Killed Duvessa
  7162 | D:6      | Found a radiant altar of Vehumet.
  7193 | D:6      | Found a sand-covered staircase.
  7200 | Ossuary  | Entered an ossuary
  7449 | D:6      | Learned a level 3 spell: Swiftness
  7454 | D:6      | Learned a level 4 spell: Airstrike
  7585 | D:6      | Noticed Sigmund
  7593 | D:6      | Killed Sigmund
  7594 | D:6      | Reached skill level 6 in Spellcasting
  7785 | D:6      | Found a transporter.
  8181 | D:6      | Reached * piety under Kikubaaqudgha
  8181 | D:6      | Received a gift from Kikubaaqudgha
  8185 | D:6      | Learned a level 2 spell: Cigotuvi's Dreadful Rot
  8462 | D:6      | Gained mutation: You have a pair of small horns on your
                  | head. [demonic ancestry]
  8462 | D:6      | Reached XP level 9. HP: 57/57 MP: 12/19
  8548 | D:6      | Found a transporter.
  8757 | D:7      | Reached skill level 7 in Spellcasting
  8826 | D:7      | Noticed a cyclops
  8843 | D:7      | Killed a cyclops
  9144 | D:7      | Found an iron altar of Okawaru.
  9550 | D:7      | Found a shimmering altar of Xom.
  9551 | D:7      | Found a basalt altar of Yredelemnul.
  9847 | D:7      | Reached skill level 1 in Long Blades
  9950 | D:8      | Reached skill level 8 in Spellcasting
  9981 | D:8      | Reached ** piety under Kikubaaqudgha
 10003 | D:8      | Found a staircase to the Lair.
 10126 | D:8      | Reached XP level 10. HP: 39/63 MP: 22/22
 10687 | D:8      | Reached skill level 5 in Conjurations
 10692 | D:8      | Reached skill level 5 in Poison Magic
 11180 | Lair:1   | Entered Level 1 of the Lair of Beasts
 11188 | Lair:1   | Found a frozen archway.
 11202 | IceCv    | Entered an ice cave
 11940 | IceCv    | Slain by an anaconda simulacrum

Illustrated notes

Levels and vault maps discovered:
D:1:      lightli_arrival_statuegarden, layout_loops_ring,
          ebering_ecumenical_altar_box, minmay_misc_feat_rugged
D:2:      layout_loops_corners, minmay_statues_item
D:3:      wad_crossroads, layout_basic, nicolae_ru_sacrificial_ziggurat,
          serial_bayou_pond_d, nicolae_shop_vocational
D:4:      layout_basic, lemuel_tele_altar, lemuel_crystal_altar, uniq_grinder,
          uniq_ijyb
D:5:      layout_loops_ring, makhleb_blood_cavern_becter,
          minmay_temple_entry_tees, uniq_edmund
D:6:      gammafunk_cloud_chamber, layout_loops_cross, vehumet_altar_wand_db,
          nicolae_ossuary_entry_plus, kb_lookout_dungeons_type, uniq_duvessa,
          uniq_sigmund
D:7:      layout_cave_pools, kennysheep_okawaru_gauntlet,
          gammafunk_temple_overflow_pools
D:8:      layout_basic, erik_lair_orcish_takeover, feat_on_display
Temple:   cyrus_circular_temple
Lair:1:   layout_regular_city, portal_ice_cave_entry_pillars_1,
          ebering_ghost_disaster_area
IceCv:    ice_cave_caverns_01

Skill      XL: |  1  2  3  4  5  6  7  8  9 10 |
---------------+-------------------------------+-----
Stealth        | 2 3 |  3.0
Spellcasting   | 3 4 5 6 8 |  8.3
Necromancy     | 5 6 7 |  7.9
Poison Magic   | 1 2 3 4 5 |  5.1
Conjurations   | 1 2 3 4 5 |  5.1
Air Magic      | 1 2 3 4 |  4.8
Dodging        | 2 3 |  3.4
Maces & Flails | 1 2 |  2.4
Long Blades    | 1 3 |  3.0

Action                     |  1- 3 |  4- 6 |  7- 9 | 10-12 || total
---------------------------+-------+-------+-------+-------++-------
  Melee: Hand axe          |     2 |       |       |       ||     2
         Spear             |     1 |       |       |       ||     1
         Dagger            |    14 |     8 |       |       ||    22
         Punch             |     1 |     2 |     4 |     1 ||     8
         Whip              |       |    84 |   193 |       ||   277
         Headbutt          |       |       |    23 |    17 ||    40
         Demon blade       |       |       |    79 |   117 ||   196
  Throw: Dart              |     4 |     2 |       |       ||     6
         Boomerang         |       |     2 |     1 |       ||     3
         Javelin           |       |       |       |     2 ||     2
   Cast: Necrotise         |    88 |    38 |   167 |    10 ||   303
         Vampiric Draining |     3 |     5 |    19 |     5 ||    32
         Animate Dead      |       |     1 |       |     5 ||     6
         Mephitic Cloud    |       |     1 |    11 |     3 ||    15
         Swiftness         |       |       |     1 |       ||     1
 Invoke: Unearth Wretches  |       |       |       |     4 ||     4
    Use: Potion            |       |     6 |     5 |     1 ||    12
         Scroll            |       |       |    13 |     2 ||    15
   Stab: Distracted        |       |     1 |       |     1 ||     2
         Confused          |       |     2 |     1 |     1 ||     4
         Sleeping          |       |       |     1 |       ||     1
         Paralysed         |       |       |       |     4 ||     4
 Armour: Robe              |     5 |    32 |   145 |    38 ||   220
         Skin              |       |    24 |     5 |       ||    29
  Dodge: Dodged            |    13 |    55 |   222 |    90 ||   380

Table legend: (Time is in decaauts)
 A = Elapsed time spent in this place.
 B = Non-inter-level travel time spent in this place.
 C = Inter-level travel time spent in this place.
 D = Time resting spent in this place.
 E = Time spent auto-exploring this place.
 F = Levels seen in this place.
 G = Mean time per level.
                   A        B        C        D        E       F      G
               +--------+--------+--------+--------+--------+-----+--------+
         Total |  12010 |  11377 |    633 |   3164 |   5521 |  12 | 1000.8 |
       Dungeon |  11121 |  10496 |    625 |   2703 |   5485 |   8 | 1390.1 |
        Temple |     66 |     58 |      8 |      0 |     30 |   1 |   66.0 |
          Lair |     21 |     21 |      0 |      0 |      6 |   1 |   21.0 |
       Ossuary |     42 |     42 |      0 |      0 |      0 |   1 |   42.0 |
      Ice Cave |    758 |    758 |      0 |    461 |      0 |   1 |  758.0 |
               +--------+--------+--------+--------+--------+-----+--------+

Top non-repeatable levels by time:
     D:4: 1707 daAuts
     D:5: 1697 daAuts
     D:6: 1530 daAuts
     D:8: 1353 daAuts
     D:7: 1290 daAuts
     D:3: 1265 daAuts
     D:2: 1152 daAuts
     D:1: 1124 daAuts
   IceCv: 758 daAuts
  Temple: 66 daAuts
 Ossuary: 42 daAuts
  Lair:1: 21 daAuts
